 Dungeon Crawl Stone Soup version 0.28.0 (webtiles) character file.

Game seed: 5111213506565389897

75 snetch the Chopper (level 4, -6/41 HPs)
             Began as a Minotaur Berserker on Feb 7, 2022.
             Was a Believer of Trog.
             Killed by divine providence
             ... invoked by an orc priest
              (12 damage)
             ... on level 3 of the Dungeon.
             The game lasted 00:03:55 (1266 turns).

snetch the Chopper (Minotaur Berserker)             Turns: 1266, Time: 00:03:57

Health: -6/41      AC:  6    Str: 23    XL:     4   Next: 11%
Magic:  3/3        EV: 10    Int:  4    God:    Trog [**....]
Gold:   31         SH:  0    Dex: 10    Spells: 3/3 levels left

rFire   . . .      SeeInvis .   a - +0 hand axe
rCold   . . .      Faith    .   (no shield)
rNeg    . . .      Spirit   .   l - +0 scale mail
rPois   .          Reflect  .   (helmet restricted)
rElec   .          Harm     .   (no cloak)
rCorr   .          Rampage  .   (no gloves)
Will    ++...                   (no boots)
Stlth   ..........              (no amulet)
HPRegen 1.13/turn               (no ring)
MPRegen 0.08/turn               (no ring)

@: lethally poisoned (-6 -> -7), strong-willed, regenerating
A: horns 2, retaliatory headbutt
a: Renounce Religion, Berserk, Trog's Hand


You were on level 3 of the Dungeon.
You worshipped Trog.
Trog was pleased with you.
You visited 1 branch of the dungeon, and saw 3 of its levels.

You collected 31 gold pieces.

Inventory:

Hand Weapons
 a - a +0 hand axe (weapon)
Missiles
 e - 25 stones (quivered)
 h - 13 arrows
 i - 10 bolts
 j - 39 sling bullets
Armour
 l - a +0 scale mail (worn)
Scrolls
 b - 3 scrolls of identify {unknown}
 d - 2 scrolls of fear {unknown}
Potions
 f - a potion of magic {unknown}
 g - a potion of attraction {unknown}
 k - a potion of curing {unknown}


   Skills:
 + Level 4.4 Fighting
 + Level 4.9 Axes
 + Level 2.7 Armour
 + Level 2.5 Dodging
 + Level 0.7 Stealth


You had 3 spell levels left.
You didn't know any spells.
Your spell library was empty.

Dungeon Overview and Level Annotations

Branches:
Dungeon (3/15)

Altars:

Shops:
D:1 *


Innate Abilities, Weirdness & Mutations

You have a pair of horns on your head.
You reflexively headbutt those who attack you in melee.


Message History

You see here a worm corpse.
You hit the orc priest.
You headbutt the orc priest, but do no damage.
The orc priest is moderately wounded.
The orc priest barely misses you. You furiously retaliate!
You headbutt the orc priest.
You hit the orc priest but do no damage.
The orc priest is severely wounded.
You hit the orc.
You kill the orc!
Trog accepts your kill.
A kobold comes into view.
It is wielding a +0 whip and quivering poisoned darts.
The orc priest closely misses you.
An orc comes into view. It is wielding a +0 short sword.
The kobold shouts!
The orc priest hits you but does no damage.
Things that are here:
a +0 whip; an orc corpse You barely miss the orc priest. x2; The kobold throws a poisoned dart.
The poisoned dart hits you!
You are poisoned.
The orc priest hits you but does no damage.
The orc priest hits you with a +0 short sword.
You closely miss the orc priest. You headbutt the orc priest.
The orc priest is lightly wounded.
You hit the orc priest but do no damage.
You feel very sick.
The orc priest calls down the wrath of Beogh upon you.
Beogh smites you!
* * * LOW HITPOINT WARNING * * *
The orc priest barely misses you.
The kobold throws a poisoned dart.
The poisoned dart closely misses you.
Your skin crawls.
You feel strong-willed.
You feel sick.
The orc priest calls upon Beogh to heal the orc priest.
The orc priest's wounds heal themselves!
The orc priest calls down the wrath of Beogh upon you.
Beogh smites you!
You die...

.. . ... .## ..#
...# (.# ..#
...###.###...#
#...#(.. ...#
+......#....## #
#......#.....#
#.##....†....#
....##.o@.#.#
.##.##..o...#
#<..|......#
...$.............#
................K#
.....#...####....o.
.....##### #.......
#### ........
......


You could see 2 orc priests, an orc and a kobold.

Vanquished Creatures
  3 adders (D:2)
  A worm (D:3)
  3 dart slugs
  An orc (D:3)
  2 bats (D:1)
  4 endoplasms
  A giant cockroach (D:1)
  3 goblins
  6 hobgoblins (D:1)
  A quokka (D:1)
  5 ball pythons (D:1)
  5 kobolds
  4 rats (D:1)
39 creatures vanquished.

Notes
Turn   | Place    | Note
-------+----------+-------------------------------------------
     0 | D:1      | snetch the Minotaur Berserker began the quest for the Orb.
     0 | D:1      | Reached XP level 1. HP: 19/19 MP: 0/0
   263 | D:2      | Reached XP level 2. HP: 20/27 MP: 1/1
   410 | D:1      | Found Feoh's General Store.
   462 | D:1      | Reached XP level 3. HP: 30/33 MP: 2/2
   931 | D:2      | Reached ** piety under Trog
  1172 | D:2      | Found a faded altar of an unknown god.
  1241 | D:2      | Reached XP level 4. HP: 41/41 MP: 3/3
  1266 | D:3      | Killed from afar by an orc priest

Illustrated notes

Levels and vault maps discovered:
D:1:      beargit_arrival_greenhouse, layout_loops_ring, serial_shops,
          nicolae_shop_crystal
D:2:      layout_loops_cross, hellmonk_ecumenical_altar_heavens_door
D:3:      layout_basic

Skill      XL: |  1 |
---------------+----+-----
Fighting       | 4 |  4.4
Axes           | 4 |  4.9
Armour         | |  2.7
Dodging        | |  2.5
Stealth        | |  0.7

Action                   |  1- 3 |  4- 6 || total
-------------------------+-------+-------++-------
Melee: Hand axe          |    57 |    14 ||    71
       Headbutt          |    13 |     4 ||    17
       Punch             |       |     1 ||     1
Invok: Berserk           |     1 |       ||     1
       Trog's Hand       |       |     1 ||     1
Armor: Leather armour    |    11 |       ||    11
       Scale mail        |     3 |     2 ||     5
Dodge: Dodged            |    30 |     8 ||    38
